 Dungeon Crawl Stone Soup version 0.27.1-34-g3ba077fa99 (webtiles) character file.

Game seed: 10045030300043486663

332 Arum the Stinger (level 6, -1/41 HPs)
             Began as a Formicid Venom Mage on Jan 15, 2022.
             Slain by Crazy Yiuf (17 damage)
             ... on level 3 of the Dungeon.
             The game lasted 00:07:08 (3906 turns).

Arum the Stinger (Formicid Venom Mage)              Turns: 3906, Time: 00:07:09

Health: -1/41      AC:  3    Str: 13    XL:     6   Next: 82%
Magic:  2/14       EV: 12    Int: 16    God:
Gold:   159        SH:  5    Dex: 17    Spells: 6/16 levels left

rFire    . . .     SeeInvis +   n - +0 long sword
rCold    . . .     Faith    .   (no shield)
rNeg     . . .     Spirit   .   a - +0 robe
rPois    .         Reflect  +   (helmet unavailable)
rElec    .         Harm     .   (no cloak)
rCorr    .         Rampage  .   j - +0 pair of gloves
Will     .....                  (no boots)
Stlth    ++........             m - amulet of reflection
HPRegen  0.13/turn              l - +6 ring of dexterity
MPRegen  0.14/turn              (no ring)

@: mighty, radiating poison
A: permanent stasis, dig shafts and tunnels, antennae 3, four strong arms
a: Dig, Shaft Self


You were on level 3 of the Dungeon.
You visited 1 branch of the dungeon, and saw 3 of its levels.

You collected 159 gold pieces.

Inventory:

Hand Weapons
 h - a +0 whip
 n - a +0 long sword (weapon)
Armour
 a - a +0 robe (worn)
 j - a +0 pair of gloves (worn)
Jewellery
 l - a +6 ring of dexterity (left hand)
 m - an amulet of reflection (around neck)
Wands
 p - a wand of flame (16)
 r - a wand of polymorph (10)
Scrolls
 b - 2 scrolls of teleportation {unknown}
 c - a scroll of immolation {unknown}
 e - a scroll of noise {unknown}
 g - a scroll of acquirement {unknown}
 q - a scroll of identify {unknown}
Potions
 d - a potion of cancellation {unknown}
 f - a potion of lignification {unknown}
 i - 3 potions of flight {unknown}
 k - 3 potions of brilliance {unknown}
 o - a potion of curing {unknown}


   Skills:
 - Level 1.7 Dodging
 - Level 2.4 Stealth
 * Level 5.7 Spellcasting
 - Level 1.1 Transmutations
 + Level 6.2 Poison Magic


You had 6 spell levels left.
You knew the following spells:

 Your Spells              Type           Power      Damage    Failure   Level
a - Sting                 Tmut/Pois      64%        1d6       3%          1
b - Poisonous Vapours     Pois/Air       28%        N/A       6%          2
c - Olgreb's Toxic Radia  Pois           24%        N/A       11%         4
d - Mephitic Cloud        Conj/Pois/Air  11%        N/A       19%         3

Your spell library contained the following spells:

 Spells                   Type           Power      Damage    Failure   Level
 Animate Skeleton         Necr           8%         N/A       14%         1
 Apportation              Tloc           8%         N/A       14%         1
 Corona                   Hex            4%         N/A       14%         1
 Summon Small Mammal      Summ           16%        N/A       14%         1
 Gell's Gravitas          Tloc           2%         N/A       38%         3
 Lesser Beckoning         Tloc           2%         N/A       38%         3
 Teleport Other           Tloc           4%         N/A       38%         3
 Cause Fear               Hex            2%         N/A       80%         4
 Dragon Form              Tmut           4%         N/A       100%        7
 Dragon's Call            Summ           2%         N/A       100%        9


Dungeon Overview and Level Annotations

Branches:
Dungeon (3/15)

Altars:

Annotations:
D:3 Crazy Yiuf


Innate Abilities, Weirdness & Mutations

You cannot be hasted, slowed, berserked, paralysed or teleported.
You can dig through walls and to a lower floor.
You have a pair of large antennae on your head. (SInv)
Your four strong arms can wield two-handed weapons with a shield.


Message History

Found six maces and a runed mace.
Found a runed translucent door.
You see here a +0 mace.
Found a mace.
You see here a +0 mace.
You see here a +1 mace of protection.
Found two maces and a glowing mace.
You see here a +0 mace.
You open the door.
Casting: Poisonous Vapours (safe; 6% risk of failure)
Confirm with . or Enter, or press ? or * to list all spells.
The spell is quite dangerous to cast (11% risk of failure)!
Continue anyway?
You begin to radiate toxic energy.
Crazy Yiuf shouts!
Crazy Yiuf is poisoned.
Your toxic aura wanes.
You see here a +1 mace of protection.
You see here a +0 mace.
Poisonous vapours surround Crazy Yiuf!
Crazy Yiuf looks even sicker.
Crazy Yiuf drinks a potion.
Crazy Yiuf goes berserk!
You see here a +0 mace.
You see here a +0 mace.
Casting: Poisonous Vapours (safe; 6% risk of failure)
Confirm with . or Enter, or press ? or * to list all spells.
The spell is quite dangerous to cast (11% risk of failure)!
Continue anyway?
You begin to radiate toxic energy.
Crazy Yiuf looks even sicker.
You block Crazy Yiuf's attack. Crazy Yiuf closely misses you.
You riposte.
You closely miss Crazy Yiuf.
Crazy Yiuf is heavily wounded.
Crazy Yiuf looks even sicker.
Your toxic aura wanes.
Crazy Yiuf barely misses you.
Casting: Olgreb's Toxic Radiance (quite dangerous; 11% risk of failure)
Confirm with . or Enter, or press ? or * to list all spells.
The spell is quite dangerous to cast (11% risk of failure)!
Continue anyway?
You begin to radiate toxic energy.
Crazy Yiuf hits you with a +2 quarterstaff of chaos!!
Ouch! That really hurt!
You feel very mighty all of a sudden.
Crazy Yiuf hits you with a +2 quarterstaff of chaos!
You die...

#.#.# #......#######.###.
###.#.#
#......##..........
#...#.#
#......##.#####.##.
#.###.#
#......##.#........ #.#
#.# #......##.#.###....
#.#
#.###..................
#.#
#...#...###############
#.# ###.#...# #.# #.#.@.#
#.# #.#..g#### ### #.#
#.##.....## ###)))#
#.#####.##......####g')).#
#.......###.....)#))##)))#
######### ##...)#)### ###
########


You could see Crazy Yiuf (berserk, very poisoned).

Vanquished Creatures
  Sigmund (D:3)
  Jessica (D:2)
  Terence (D:3)
  Robin (D:3)
  A howler monkey skeleton (D:3)
  A gnoll (D:1)
  2 adders
  A dart slug (D:1)
  4 orcs (D:3)
  7 ball pythons
  5 endoplasms
  4 giant cockroaches
  10 goblins
  4 hobgoblins
  4 bats
  2 frilled lizards
  8 kobolds
57 creatures vanquished.

Notes
Turn   | Place    | Note
-------+----------+-------------------------------------------
     0 | D:1      | Arum the Formicid Venom Mage began the quest for the Orb.
     0 | D:1      | Reached XP level 1. HP: 13/13 MP: 3/3
   325 | D:1      | Reached XP level 2. HP: 19/19 MP: 2/5
   464 | D:1      | Learned a level 2 spell: Poisonous Vapours
   737 | D:1      | Reached XP level 3. HP: 24/24 MP: 0/7
  1245 | D:2      | Noticed Jessica
  1251 | D:2      | Killed Jessica
  1252 | D:2      | Reached XP level 4. HP: 30/30 MP: 1/9
  1731 | D:2      | Reached skill level 5 in Poison Magic
  1941 | D:2      | Learned a level 4 spell: Olgreb's Toxic Radiance
  2740 | D:3      | Noticed Terence
  2758 | D:3      | Killed Terence
  2759 | D:3      | Reached XP level 5. HP: 35/35 MP: 1/11
  2929 | D:3      | Noticed Sigmund
  2945 | D:3      | Found a faded altar of an unknown god.
  2972 | D:3      | Killed Sigmund
  2973 | D:3      | Reached skill level 5 in Spellcasting
  2973 | D:3      | Reached skill level 6 in Poison Magic
  2973 | D:3      | Reached XP level 6. HP: 6/41 MP: 1/14
  3301 | D:3      | Learned a level 3 spell: Mephitic Cloud
  3501 | D:3      | Noticed Robin
  3508 | D:3      | Killed Robin
  3888 | D:3      | Found a runed translucent door.
  3889 | D:3      | Noticed Crazy Yiuf
  3906 | D:3      | Slain by Crazy Yiuf

Illustrated notes

Levels and vault maps discovered:
D:1:      saegor_arrival_under_anarchy, layout_basic
D:2:      layout_basic, uniq_jessica
D:3:      layout_basic, hellmonk_ecumenical_altar_heavens_door,
          minmay_hedge_maze, uniq_terence, uniq_sigmund, uniq_robin,
          uniq_crazy_yiuf_cottage

Skill      XL: |  1  2  3  4  5 |
---------------+----------------+-----
Spellcasting   | 3 4 5 |  5.7
Poison Magic   | 5 6 |  6.2
Dodging        | |  1.7
Stealth        | |  2.4
Transmutations | |  1.1

Action                   |  1- 3 |  4- 6 || total
-------------------------+-------+-------++-------
Melee: Unarmed           |     7 |       ||     7
       Whip              |     1 |    18 ||    19
       Long sword        |       |    16 ||    16
 Cast: Sting             |    17 |    17 ||    34
       Poisonous Vapours |    11 |    50 ||    61
       Olgreb's Toxic Ra |       |     5 ||     5
Armor: Robe              |     3 |     5 ||     8
Dodge: Dodged            |     7 |    21 ||    28
Block: Other             |       |    10 ||    10
       Reflection        |       |     3 ||     3
       Rpst.: Long sword |       |     3 ||     3
